 Dungeon Crawl Stone Soup version 0.27.1 (webtiles) character file.

Game seed: 8287890998045836979

303 ZARRMARR the Changer (level 6, -16/38 HPs)
             Began as an Octopode Transmuter on Aug 30, 2021.
             Demolished by an ogre (35 damage)
             ... on level 5 of the Dungeon.
             The game lasted 00:19:48 (4860 turns).

ZARRMARR the Changer (Octopode Transmuter)          Turns: 4860, Time: 00:19:49

Health: -16/38     AC:  1    Str:  9    XL:     6   Next: 38%
Magic:  9/11       EV: 13    Int: 17    God:
Gold:   144        SH:  0    Dex: 13    Spells: 9/12 levels left

rFire    + . .     SeeInvis .     - Unarmed
rCold    . . .     Faith    .   (no shield)
rNeg     . . .     Spirit   .   (helmet currently unavailable)
rPois    .         Reflect  .   (no amulet)
rElec    .         Harm     .   d - ring of protection from fire
rCorr    .         Rampage  .   (no ring)
Will     .....                  (no ring)
Stlth    ++........             (no ring)
HPRegen  0.12/turn              (no ring)
MPRegen  0.12/turn              (no ring)
                                (no ring)
                                (no ring)

@: appendages, wereblooded
A: tentacle spike 3, almost no armour, amphibious, 8 rings, camouflage 1,
gelatinous body 1, (nimble swimmer 1), tentacles
a: End Transformation


You were on level 5 of the Dungeon.
One of your tentacles had grown a beastly spike.
You visited 1 branch of the dungeon, and saw 5 of its levels.

You collected 144 gold pieces.

Inventory:

Jewellery
 d - a ring of protection from fire (left tentacle)
Scrolls
 a - a scroll of magic mapping
 b - a scroll of vulnerability
 e - a scroll of fog
 h - a scroll of teleportation {unknown}
Potions
 c - a potion of attraction {unknown}
 f - 2 potions of mutation
 g - a potion of heal wounds {unknown}


   Skills:
 - Level 1.0 Fighting
 - Level 2.0 Dodging
 - Level 3.0 Unarmed Combat
 + Level 3.9 Spellcasting
 + Level 5.0 Transmutations
 * Level 1.3 Ice Magic


You had 9 spell levels left.
You knew the following spells:

 Your Spells              Type           Power      Damage    Failure   Level
a - Beastly Appendage     Tmut           40%        N/A       1%          1
b - Wereblood             Tmut           20%        N/A       3%          2

Your spell library contained the following spells:

 Spells                   Type           Power      Damage    Failure   Level
 Spider Form              Tmut/Pois      5%         N/A       17%         3
 Ignite Poison            Fire/Tmut/Pois 9%         N/A       24%         3
 Ice Form                 Ice/Tmut       14%        N/A       38%         4
 Mephitic Cloud           Conj/Pois/Air  3%         N/A       43%         3
 Hailstorm                Conj/Ice       5%         3d4       77%         4
 Olgreb's Toxic Radiance  Pois           3%         N/A       85%         4
 Bolt of Magma            Conj/Fire/Erth 1%         4d4       99%         5
 Simulacrum               Ice/Necr       2%         N/A       100%        6
 Ozocubu's Refrigeration  Ice            3%         4d5       100%        7
 Ignition                 Fire           1%         3d3       100%        8


Dungeon Overview and Level Annotations

Branches:
Dungeon (5/15)
 Temple: D:4-7

Altars:

Annotations:
D:4 Natasha


Innate Abilities, Weirdness & Mutations

One of your tentacles has grown a beastly spike.
You cannot wear most types of armour.
You are amphibious.
You can wear up to eight rings at the same time.
Your skin changes colour to match your surroundings (Stealth+).
Your rubbery body absorbs attacks. (AC +1, EV +1)
((You are camouflaged near water. (Stealth+)))
You have tentacles for arms and can constrict up to eight enemies at once.


Message History

Here: an ogre, wielding a +0 giant spiked club (asleep)
The floor.
Unknown command.
Casting: Wereblood (safe; 3% risk of failure)
Confirm with . or Enter, or press ? or * to list all spells.
One of your tentacles grows a vicious spike.
Casting: Beastly Appendage (safe; 2% risk of failure)
Confirm with . or Enter, or press ? or * to list all spells.
You don't know that spell.
Casting: Beastly Appendage (safe; 2% risk of failure)
Confirm with . or Enter, or press ? or * to list all spells.
Your blood is infused with primal strength.
The ogre shouts! x2
You tentacle-slap the ogre.
You pierce the ogre.
The ogre is moderately wounded.
The ogre closely misses you.
You tentacle-slap the ogre.
You pierce the ogre.
You squeeze the ogre.
The ogre is severely wounded.
The ogre completely misses you.
You barely miss the ogre.
The ogre is severely wounded.
The ogre barely misses you. The ogre misses you.
You tentacle-slap the ogre but do no damage.
Your squeeze misses the ogre.
The ogre is severely wounded.
The ogre barely misses you.
You barely miss the ogre. You squeeze the ogre!
You kill the ogre!
The ogre hits you with a +0 giant spiked club!!
Ouch! That really hurt!
Your Transmutations skill increases to level 5!
You tentacle-slap the ogre.
You pierce the ogre.
The ogre is moderately wounded.
The ogre barely misses you.
You tentacle-slap the ogre.
Your tentacle spike misses the ogre.
You squeeze the ogre.
The ogre is heavily wounded.
The ogre hits you with a +0 giant spiked club!!
Ouch! That really hurt!
You die...

##....PPPP≈≈
#..|...P≈≈≈♣P
#...P.≈≈♣≈P≈≈
#...P≈PPP.P≈.
#...P≈PP.P.<>
#...P.P......
#...........
#..@.......
###)O.#.###
#......
#........
#........
#........
#........
......##.


You could see an ogre.

Vanquished Creatures
  An ogre (D:5)
  A hound (D:4)
  A jelly (D:4)
  An iguana (D:4)
  4 adders
  4 worms
  3 dart slugs
  An orc (D:3)
  5 ball pythons
  11 endoplasms
  2 giant cockroaches
  5 goblins
  8 hobgoblins
  13 jackals
  3 kobolds
  2 quokkas
  5 bats
  4 frilled lizards
  3 rats
77 creatures vanquished.

Notes
Turn   | Place    | Note
-------+----------+-------------------------------------------
     0 | D:1      | ZARRMARR the Octopode Transmuter began the quest for the
                  | Orb.
     0 | D:1      | Reached XP level 1. HP: 13/13 MP: 3/3
   247 | D:1      | Reached XP level 2. HP: 5/18 MP: 3/5
   531 | D:1      | Reached skill level 3 in Transmutations
   629 | D:1      | Learned a level 2 spell: Wereblood
  1026 | D:1      | Reached XP level 3. HP: 23/23 MP: 3/6
  1784 | D:2      | HP: 1/23 [jackal (1)]
  1789 | D:2      | HP: 1/23 [jackal (3)]
  1790 | D:2      | Reached XP level 4. HP: 1/28 MP: 5/7
  2520 | D:3      | Reached skill level 4 in Transmutations
  3586 | D:3      | Reached XP level 5. HP: 33/33 MP: 6/9
  3956 | D:4      | Noticed Natasha
  4220 | D:4      | Reached skill level 1 in Ice Magic
  4713 | D:4      | Reached XP level 6. HP: 38/38 MP: 8/11
  4840 | D:4      | Noticed a necrophage
  4849 | D:5      | Entered Level 5 of the Dungeon
  4859 | D:5      | Reached skill level 5 in Transmutations
  4860 | D:5      | Demolished by an ogre

Illustrated notes

Levels and vault maps discovered:
D:1:      psy_arrival_radial01, layout_basic
D:2:      layout_loops_cross
D:3:      layout_basic
D:4:      layout_cave_pools, serial_park, serial_park_fountain,
          serial_park_avenue1, serial_park_tiny_pond, serial_park_tiny_pond,
          grunt_ministairs_5, uniq_blork_the_orc, uniq_natasha
D:5:      layout_rooms, nicolae_ru_path_of_blood,
          nicolae_wu_jian_immortal_techniques, minitemple,
          mainiacjoe_overflow_divided_tiny, serial_bayou_lagoon_a,
          hangedman_feature_mirror

Skill      XL: |  1  2  3  4  5  6 |
---------------+-------------------+-----
Transmutations | 3 4 5 |  5.0
Spellcasting   | 3 |  3.9
Ice Magic      | 1 |  1.3
Fighting       | |  1.0
Dodging        | |  2.0
Unarmed Combat | |  3.0

Action                   |  1- 3 |  4- 6 || total
-------------------------+-------+-------++-------
Melee: Unarmed           |    97 |    90 ||   187
       Constrict         |    22 |    21 ||    43
       Kick              |    19 |    25 ||    44
       Tentacles         |    10 |    20 ||    30
       Punch             |     1 |       ||     1
 Cast: Beastly Appendage |    18 |    24 ||    42
       Wereblood         |    10 |     9 ||    19
  Use: Scroll            |       |     5 ||     5
 Stab: Sleeping          |     5 |     8 ||    13
Armor: Skin              |     5 |     2 ||     7
Dodge: Dodged            |    53 |    51 ||   104
